 Dungeon Crawl Stone Soup version 0.27.0-66-gdc8fb28755 (webtiles) character file.

Game seed: 10476733160571875118

742 robertstho the Chopper (level 7, -13/62 HPs)
             Began as a Deep Dwarf Fighter on Aug 19, 2021.
             Was an Initiate of Makhleb.
             Blown up by an eye of devastation (47 damage)
             ... with a bolt of energy
             ... on level 5 of the Dungeon.
             The game lasted 00:05:52 (3315 turns).

robertstho the Chopper (Deep Dwarf Fighter)         Turns: 3315, Time: 00:05:53

Health: -13/62     AC:  8    Str: 21    XL:     7   Next: 47%
Magic:  3/3        EV:  8    Int:  9    God:    Makhleb [......]
Gold:   290        SH: 10    Dex: 12    Spells: 6/6 levels left

rFire    . . .     SeeInvis .   a - +0 war axe
rCold    . . .     Faith    .   c - +0 kite shield
rNeg     . . .     Spirit   .   b - +0 scale mail
rPois    .         Reflect  .   (no helmet)
rElec    .         Harm     .   s - +0 cloak
rCorr    .         Rampage  .   (no gloves)
Will     +....                  (no boots)
Stlth    ..........             (no amulet)
HPRegen  0.00/turn              (no ring)
MPRegen  0.08/turn              (no ring)

@: no status effects
A: damage resistance, heal wounds, sense surroundings 1, no regeneration
a: Heal Wounds, Renounce Religion


You were on level 5 of the Dungeon.
You worshipped Makhleb.
Makhleb was noncommittal.
You visited 2 branches of the dungeon, and saw 6 of its levels.

You collected 290 gold pieces.

Inventory:

Hand Weapons
 a - a +0 war axe (weapon)
Armour
 b - a +0 scale mail (worn)
 c - a +0 kite shield (worn)
 s - a +0 cloak (worn)
Wands
 o - a wand of polymorph (2)
Scrolls
 e - 2 scrolls of immolation {unknown}
 f - 4 scrolls of teleportation
 h - a scroll of noise {unknown}
 k - 2 scrolls of vulnerability {unknown}
 l - a scroll of enchant weapon
 q - a scroll of fear
 r - a scroll of fog
Potions
 d - a potion of might
 g - a potion of cancellation
 j - a potion of curing
 m - a potion of degeneration {unknown}
 n - a potion of haste {unknown}
 t - a potion of brilliance


   Skills:
 + Level 3.6 Fighting
 + Level 6.3 Axes
 + Level 4.7 Armour
 + Level 2.2 Dodging
 + Level 1.1 Stealth
 + Level 5.0 Shields
 * Level 1.9 Invocations


You had 6 spell levels left.
You didn't know any spells.
Your spell library contained the following spells:

 Spells                   Type           Power      Damage    Failure   Level
 Call Canine Familiar     Summ           0%         N/A       100%        3
 Portal Projectile        Hex/Tloc       0%         N/A       100%        3
 Leda's Liquefaction      Hex/Erth       0%         N/A       100%        4


Dungeon Overview and Level Annotations

Branches:
Dungeon (5/15)             Temple (1/1) D:4

Altars:
Ashenzari
Cheibriados
Dithmenos
Elyvilon
Gozag
Hepliaklqana
Kikubaaqudgha
Makhleb
Nemelex Xobeh
Okawaru
Qazlal
Ru
Sif Muna
Trog
Uskayaw
Vehumet
Wu Jian
Xom
Yredelemnul
Zin
The Shining One

Shops:
D:2 [

Annotations:
D:2 618 gloves


Innate Abilities, Weirdness & Mutations

You are resistant to damage.
You can heal yourself by infusing magical energy.
You passively map a small area around you.
You do not regenerate.


Message History

As you read the scroll of identify, it crumbles to dust.
g - a potion of cancellation
As you read the scroll of identify, it crumbles to dust.
l - a scroll of enchant weapon
As you read the scroll of identify, it crumbles to dust.
t - a potion of brilliance
Okay, then.
The two-headed ogre shouts in stereo!
A two-headed ogre is nearby!
Aiming: Polymorph
Press: ? - help, Shift-Dir - straight line, f - two-headed ogre
Aim: a two-headed ogre, wielding a +0 giant club and a +0 giant spiked club (lightly wounded, will become a cyclops, a lindwurm, or a faun, chance to affect: 28%)
The two-headed ogre easily resists.
Aiming: Polymorph
Press: ? - help, Shift-Dir - straight line, f/p - two-headed ogre
Aim: a two-headed ogre, wielding a +0 giant club and a +0 giant spiked club (will become a cyclops, a lindwurm, or a faun, chance to affect: 28%)
The two-headed ogre easily resists.
The two-headed ogre misses you.
The two-headed ogre hits you with a +0 giant spiked club!
Unknown command.
Aiming: Polymorph
Press: ? - help, Shift-Dir - straight line, f/p - two-headed ogre
Aim: a two-headed ogre, wielding a +0 giant club and a +0 giant spiked club (will become a cyclops, a lindwurm, or a faun, chance to affect: 28%)
The two-headed ogre evaporates and reforms as a lindwurm!
The lindwurm bites you! The lindwurm claws you.
The lindwurm claws you but does no damage.
Aiming: Polymorph
Press: ? - help, Shift-Dir - straight line, f/p - lindwurm
Aim: a lindwurm (will become a cyclops, a meliai, or a spriggan, chance to affect: 28%)
The lindwurm evaporates and reforms as a cyclops!
Unknown command.
Aiming: Polymorph
Press: ? - help, Shift-Dir - straight line, f/p - cyclops
Aim: a cyclops (will become a slime creature, a moth of wrath, or an eye of devastation, chance to affect: 28%)
The cyclops evaporates and reforms as an eye of devastation!
Unknown command.
You hit the eye of devastation but do no damage.
The eye of devastation gazes at you. The bolt of energy hits you!!!
Ouch! That really hurt!
You die...

, #... ##.†O##..#
#.#<).....
#....#....#...#
#.######## #.......##
..# #.# ,, #.<.⌠.<.#
,..# #.# *#...S!..#
#.# #.# #...?#....#
#.# #.#
#...###...###.######?#
,, ....*
#....#.........# .⌠.
##.⌠.G@.######## *.,,
#...#..# * * ##'##.##
# ..# , ####


You could see an eye of devastation and a water moccasin (wandering).

Vanquished Creatures
  A black bear (D:5)
  A necrophage (D:4)
  2 ogres
  A phantom (D:4)
  A scorpion (D:4)
  2 hounds
  Crazy Yiuf (D:4)
  2 orc wizards (D:4)
  A hound skeleton (D:4)
  A gnoll (D:1)
  2 adders (D:3)
  2 dart slugs (D:2)
  6 orcs
  10 ball pythons
  4 endoplasms
  4 giant cockroaches
  2 goblins (D:1)
  3 hobgoblins
  7 jackals
  5 kobolds
  4 quokkas
  7 bats
  5 frilled lizards
  5 rats
79 creatures vanquished.

Notes
Turn   | Place    | Note
-------+----------+-------------------------------------------
     0 | D:1      | robertstho the Deep Dwarf Fighter began the quest for the
                  | Orb.
     0 | D:1      | Reached XP level 1. HP: 20/20 MP: 1/1
   187 | D:1      | Reached XP level 2. HP: 25/27 MP: 2/2
   244 | D:1      | Reached skill level 3 in Axes
   301 | D:1      | Reached XP level 3. HP: 25/33 MP: 3/3
  1105 | D:2      | Found a faded altar of an unknown god.
  1268 | D:2      | Found Ymeigumoir's Armour Shoppe.
  1320 | D:2      | Reached skill level 1 in Dodging
  1499 | D:3      | Reached XP level 4. HP: 39/42 MP: 4/4
  1702 | D:3      | Reached skill level 4 in Axes
  1709 | D:3      | Noticed an ogre
  1725 | D:3      | Killed an ogre
  1726 | D:3      | Reached XP level 5. HP: 28/49 MP: 4/4
  2092 | D:4      | Reached skill level 5 in Axes
  2262 | D:4      | Reached XP level 6. HP: 35/56 MP: 4/4
  2304 | D:4      | Found a runed translucent door.
  2305 | D:4      | Noticed Crazy Yiuf
  2452 | D:4      | Found a staircase to the Ecumenical Temple.
  2571 | D:4      | Reached skill level 6 in Axes
  2629 | Temple   | Entered the Ecumenical Temple
  2901 | Temple   | Became a worshipper of Makhleb the Destroyer
  3188 | D:4      | Killed Crazy Yiuf
  3189 | D:4      | Reached XP level 7. HP: 38/62 MP: 3/5
  3219 | D:5      | Entered Level 5 of the Dungeon
  3225 | D:5      | Noticed a two-headed ogre
  3230 | D:5      | HP: 3/62 [two-headed ogre (26)]
  3255 | D:5      | Reached skill level 1 in Stealth
  3255 | D:5      | Reached skill level 1 in Invocations
  3277 | D:5      | Reached skill level 5 in Shields
  3312 | D:5      | Noticed a lindwurm
  3312 | D:5      | a two-headed ogre changed into a lindwurm
  3313 | D:5      | Noticed a cyclops
  3313 | D:5      | a lindwurm changed into a cyclops
  3314 | D:5      | Noticed an eye of devastation
  3314 | D:5      | a cyclops changed into an eye of devastation
  3315 | D:5      | Blown up by an eye of devastation

Illustrated notes

Levels and vault maps discovered:
D:1:      lightli_arrival_noodles, layout_loops_corners,
          kennysheep_decorative_pillar
D:2:      layout_basic, serial_shops, shop,
          dreamdust_ecumenical_altar_angels_and_demons
D:3:      layout_loops_ring
D:4:      layout_gridville, minmay_temple_entry_fiery, uniq_crazy_yiuf_cottage
D:5:      gammafunk_cloud_chamber, layout_basic, gammafunk_ghost_split,
          grunt_ministairs_13, chequers_serial_rivers_micro_e, st_stairs_5,
          grunt_tough_drop
Temple:   nicolae_temple_the_god_donut

Skill      XL: |  1  2  3  4  5  6  7 |
---------------+----------------------+-----
Axes           | 3 4 5 6 |  6.3
Fighting       | 3 |  3.6
Dodging        | 1 2 |  2.2
Shields        | 4 5 |  5.0
Armour         | 4 |  4.7
Stealth        | 1 |  1.1
Invocations    | 1 |  1.9

Action                   |  1- 3 |  4- 6 |  7- 9 || total
-------------------------+-------+-------+-------++-------
Melee: War axe           |   153 |   127 |    18 ||   298
 Abil: Heal Wounds       |     1 |     5 |    11 ||    17
Evoke: Wand              |       |       |     5 ||     5
  Use: Potion            |       |     1 |     1 ||     2
       Scroll            |       |       |     7 ||     7
 Stab: Invisible         |       |     1 |       ||     1
Armor: Scale mail        |   105 |    70 |    23 ||   198
Dodge: Dodged            |    55 |    42 |    16 ||   113
Block: Kite shield       |    91 |    60 |    22 ||   173
